 Dungeon Crawl Stone Soup version 0.30.0-29-ga12c61a403 (webtiles) character file.

Game seed: 10465449380799012314

49543 Bnni the Geomancer (level 14, -3/104 (106) HPs)
             Began as a Formicid Earth Elementalist on June 21, 2023.
             Was a High Priest of Cheibriados.
             Slain by Snorg (5 damage)
             ... on level 5 of the Lair of Beasts.
             The game lasted 00:41:51 (20126 turns).

Bnni the Geomancer (Formicid Earth Elementalist)   Turns: 20126, Time: 00:41:52

HP:   -3/104 (106)  AC: 21    Str: 28    XL:     14   Next: 92%
MP:   1/26          EV:  5    Int: 31    God:    Cheibriados [*****.]
Gold: 1500          SH: 21    Dex: 33    Spells: 15/30 levels left

rFire   + + +        N - +8 trident of Expedience {heavy, rN+}
rCold   + + .        V - +1 tower shield {rF+}
rNeg    + . .        c - +0 gold dragon scales
rPois   +            (helmet unavailable)
rElec   .            J - +0 cloak {rCorr}
rCorr   +            (no gloves)
SInv    +            (no boots)
Will    +....        (no amulet) Stlth
                     P - ring of protection from cold
HPRegen 0.37/turn    I - ring of Xom's Displeasure {rF+ Dex+6}
MPRegen 0.20/turn

%: no passive effects
@: lightly drained, very slow
A: permanent stasis, dig shafts and tunnels, antennae 3, four strong arms
a: Dig, Shaft Self, Renounce Religion, Bend Time, Temporal Distortion, Slouch,
Step From Time


You were on level 5 of the Lair of Beasts.
You worshipped Cheibriados.
Cheibriados was extremely pleased with you.
You visited 3 branches of the dungeon, and saw 18 of its levels.
You also visited: Sewer, Bailey and Volcano.

You collected 1500 gold pieces.

Inventory:

Hand Weapons
 s - the +2 hammer of Enormous Integrity {venom, *Corrode rF++ rN+ Dex+2}
   (You found it on level 3 of the Dungeon)

   Dex:       It affects your dexterity (+2).
   rF:        It greatly protects you from fire.
   rN:        It protects you from negative energy.
   *Corrode:  It may corrode you when you take damage.
 B - a +0 dagger of venom
 N - the +8 trident of Expedience (weapon) {heavy, rN+}
   (You took it off a spriggan on level 8 of the Dungeon)

   rN:        It protects you from negative energy.
 T - a +1 scimitar of flaming
Missiles
 m - 11 poisoned darts
 Y - a throwing net
Armour
 c - +0 gold dragon scales (worn)
 J - a +0 cloak of preservation (worn)
 U - a +0 plate armour of fire resistance
 V - a +1 tower shield of fire resistance (worn)
Magical Staves
 X - a staff of death
Jewellery
 E - a ring of resist corrosion
 G - a ring of protection from fire
 I - the ring of Xom's Displeasure (right hand) {rF+ Dex+6}
   (You found it in a bailey)

   [ring of dexterity]

   Dex:       It affects your dexterity (+6).
   rF:        It protects you from fire.
 L - a ring of willpower
 P - a ring of protection from cold (left hand)
 Q - a ring of willpower
Wands
 a - a wand of digging (15)
 g - a wand of light (28)
 j - a wand of polymorph (13)
 o - a wand of paralysis (28)
 H - a wand of flame (38)
 O - a wand of iceblast (16)
Scrolls
 e - a scroll of magic mapping
 i - 3 scrolls of summoning
 l - 3 scrolls of enchant weapon
 n - 6 scrolls of fog
 p - 2 scrolls of brand weapon
 q - 3 scrolls of fear
 y - 2 scrolls of vulnerability
 A - 8 scrolls of enchant armour
 D - 5 scrolls of amnesia
 K - 2 scrolls of immolation
 M - 4 scrolls of poison
 S - a scroll of silence
Potions
 b - 5 potions of magic
 d - 4 potions of lignification
 f - a potion of berserk rage {unknown}
 h - 4 potions of curing
 k - 5 potions of mutation
 t - 4 potions of heal wounds
 u - 2 potions of cancellation
 v - 2 potions of resistance
 w - 2 potions of flight
 z - 4 potions of might
 C - 4 potions of ambrosia
 W - 3 potions of invisibility
Miscellaneous
 r - a condenser vane


   Skills:
 + Level 8.9 Fighting
 * Level 13.5 Armour
 - Level 1.7 Dodging
 - Level 2.4 Stealth
 * Level 7.1 Shields
 + Level 8.7 Spellcasting
 + Level 7.7 Conjurations
 - Level 3.0 Summonings
 - Level 3.0 Transmutations
 * Level 14.2 Earth Magic
 * Level 11.6 Invocations


You had 15 spell levels left.
You knew the following spells:

 Your Spells              Type           Power      Damage    Failure   Level
a - Sandblast             Erth           100%       2d20      1%          1
b - Passwall              Tmut/Erth      50%        N/A       13%         2
c - Stone Arrow           Conj/Erth      100%       3d13      10%         3
d - Petrify               Tmut/Erth      61%        N/A       65%         4
g - Animate Armour        Summ/Erth      100%       N/A       65%         4
z - Apportation           Tloc           26%        N/A       96%         1

Your spell library contained the following spells:

 Spells                   Type           Power      Damage    Failure   Level
 Summon Small Mammal      Summ           100%       N/A       65%         1
 Sting                    Tmut/Pois      88%        1d7       85%         1
 Leda's Liquefaction      Hex/Erth       27%        N/A       85%         4
 Call Canine Familiar     Summ           32%        N/A       95%         3
 Necrotise                Necr           52%        1d6       96%         1
 Cigotuvi's Dreadful Rot  Necr/Pois/Air  26%        N/A       99%         2
 Lesser Beckoning         Tloc           26%        N/A       99%         2
 Poisonous Vapours        Pois/Air       26%        N/A       99%         2
 Ignite Poison            Fire/Tmut/Pois 19%        N/A       99%         3
 Gell's Gravitas          Tloc           13%        N/A       100%        3
 Portal Projectile        Hex/Tloc       26%        N/A       100%        3
 Teleport Other           Tloc           13%        N/A       100%        3
 Tukima's Dance           Hex            13%        N/A       100%        3
 Olgreb's Toxic Radiance  Pois           13%        N/A       100%        4
 Blade Hands              Tmut           16%        N/A       100%        5
 Freezing Cloud           Conj/Ice/Air   14%        6-21      100%        5
 Metabolic Englaciation   Hex/Ice        6%         N/A       100%        5
 Statue Form              Tmut/Erth      40%        N/A       100%        6
 Malign Gateway           Summ/Tloc      11%        N/A       100%        7
 Lehudib's Crystal Spear  Conj/Erth      34%        10d9      100%        8
 Summon Horrible Things   Summ           16%        N/A       100%        8


Dungeon Overview and Level Annotations

Branches:
Dungeon (12/15)            Temple (1/1) D:7            Lair (5/5) D:9
 Shoals (0/4) Lair:2       Spider (0/4) Lair:3        Slime (0/5) Lair:5
    Orc (0/2) D:9           Sewer (visited)          Bailey (visited)
Volcano (visited)

Altars:
Cheibriados
Fedhas
Hepliaklqana
Kikubaaqudgha
Makhleb
Nemelex Xobeh
Okawaru
Ru
Sif Muna
Trog
Wu Jian
Yredelemnul
Zin
The Shining One

Shops:
D:4 (*   D:7 *=

Annotations:
Lair:5 Snorg


Innate Abilities, Weirdness & Mutations

You cannot be hasted, slowed, berserked, paralysed or teleported.
You can dig through walls and to a lower floor.
You have a pair of large antennae on your head. (SInv)
Your four strong arms can wield two-handed weapons with a shield.


Message History

Unknown command.
Aiming: Sandblast (safe; 1% risk of failure)
Press: ? - help, Q - select action, (/) - cycle Shift-Dir - straight line, f/p - Snorg
Aim: Snorg (heavily wounded, berserk, ally target, 85% to hit)
The blast of sand hits Snorg!!
Snorg is severely wounded.
Your animated gold dragon scales disappears in a puff of smoke!
Snorg barely misses you.
You block Snorg's attack. x3; Snorg claws you!
Snorg claws you but does no damage. The skyshark bites you!
The skyshark tastes blood and grows stronger!
You block the skyshark's attack.
The skyshark tail-slaps you but does no damage.
Snorg bites you but does no damage. Snorg barely misses you. Snorg claws you!
Activating: Slouch (1% risk of failure)
Press: ? - help, Dir - look around, f - activate You can feel time thicken for a moment.
Cheibriados lowers the support of your attributes as your movement quickens.
The skyshark bites you!!
* * * LOW HITPOINT WARNING * * *
The skyshark enters a blood-rage!
You block the skyshark's attack. x2
You block Snorg's attack. Snorg claws you!
* * * LOW HITPOINT WARNING * * *
Snorg claws you but does no damage.
Unknown command.
Okay, then.
Okay, then.
Okay, then.
You feel much better. You block the skyshark's attack.
The skyshark tail-slaps you but does no damage.
The skyshark barely misses you. Snorg bites you!
* * * LOW HITPOINT WARNING * * *
Snorg claws you.
* * * LOW HITPOINT WARNING * * *
Snorg claws you but does no damage. You block the skyshark's attack. x2
The skyshark tail-slaps you.
* * * LOW HITPOINT WARNING * * *
Snorg bites you!
* * * LOW HITPOINT WARNING * * *
Snorg completely misses you. Snorg claws you.
You die...

,,,,,,,,,..,** **,...,...,,,*
,,,,,,,,,...,*####..##...,,,*
,,,,,,,,,...###.P..†.....,,**
,,,,,,,,,................,,,*
,,,,,,,,,$.......†.<.....,,,*
,,,,,,,,,,.$......†......,,**
,,,,,,,,,,,,##...§.......*,,*
,,,,,,,,,..$#....#†....#.,,**
,,,,,,,,,..)....@l..###..*,*
,,,,,,,,,........T......,,**
,,,,,,,,,......##.......,**
,,,,,,,,,......,,#....#P.*
,,,,,,,,,.....P,,,....#,.**
,,,,,,,,,....#~*,,.....#,,**
,,,,,,,,,.....~*,,......,,,******
,,,,,,,,,....,,~,,,.....,,,**,,,*
,,*,,,,,,,,,,,,,,,~~~,,,,,,,,,,,,


You could see Snorg (berserk) and a skyshark (berserk).

Vanquished Creatures
  An orc warlord (Bailey)
  A stone giant (Volcano)
  Josephine (Lair:4)
  The ghost of vfn1303 the Geomancer, a journeyman FoFi of Hepliaklqana (D:8)
  3 two-headed ogres
  A tengu warrior (D:10)
  A skeletal warrior (D:12)
  2 lindwurms (Lair:3)
  A deep elf pyromancer (D:12)
  2 merfolk sirens (Lair:2)
  A molten gargoyle (Volcano)
  Maggie (D:6)
  A rime drake (Lair:5)
  7 cane toads
  7 komodo dragons
  A tengu conjurer (D:10)
  3 trolls
  2 merfolk (Lair:2)
  5 dream sheep (Lair:4)
  4 blink frogs (Lair:3)
  A vampire (D:12)
  A shadow (D:11)
  4 wyverns
  2 spriggans (D:8)
  A nameless horror (Lair:4)
  3 wraiths
  A fire elemental (Volcano)
  2 fire bats (Volcano)
  14 yaks
  3 basilisks
  Grum (D:9)
  3 vampire mosquitoes
  Eustachio (D:4)
  2 steam dragons (D:7)
  9 water moccasins
  3 sky beasts
  An orc warrior (D:9)
  4 ogres
  5 wolves
  9 centaurs
  A phantom (D:4)
  5 bullfrogs
  A scorpion (D:5)
  A wight (D:10)
  4 killer bees (D:8)
  4 howler monkeys
  An electric eel (Lair:2)
  5 lava snakes (Volcano)
  6 hounds
  Crazy Yiuf (D:3)
  2 jellies (D:5)
  4 orc priests
  A gnoll bouda (D:5)
  4 iguanas
  16 orc wizards
  12 gnolls
  8 adders
  3 river rats (D:4)
  A shadow imp (D:7)
  A white imp (D:5)
  An ufetubus (D:6)
  A worm (D:5)
  6 dart slugs
  42 orcs
  6 ball pythons
  5 endoplasms
  5 giant cockroaches
  6 goblins
  7 hobgoblins
  4 jackals (D:1)
  18 kobolds
  2 quokkas (D:2)
  15 bats
  4 frilled lizards
  4 rats
  A butterfly (Lair:5)
324 creatures vanquished.

Vanquished Creatures (collateral kills)
  Gastronok (D:8)
  A boulder beetle (Lair:4)
  A catoblepas (Lair:2)
  6 death yaks (Lair:4)
  A skyshark (Lair:3)
  3 skeletal warriors (D:12)
  An orc knight (Bailey)
  An ugly thing (D:11)
  Maurice (D:8)
  A black mamba (Lair:2)
  4 cane toads
  A gargoyle (Volcano)
  An efreet (Volcano)
  A blink frog (Lair:3)
  2 dream sheep (Lair:4)
  A culicivora (Lair:3)
  2 wraiths (Lair:4)
  A spriggan (D:8)
  20 yaks
  A nameless horror (D:7)
  2 fire elementals (Volcano)
  2 steam dragons
  3 vampire mosquitoes (D:10)
  2 redbacks (Lair:3)
  2 water moccasins
  6 orc warriors
  3 black bears
  5 wolves
  2 centaurs (D:11)
  A kobold brigand (D:7)
  5 bullfrogs
  An earth elemental (Volcano)
  4 killer bees
  A howler monkey (D:11)
  2 orc priests
  A jelly (D:8)
  A sleepcap (D:8)
  2 orc wizards
  A gnoll (Bailey)
  A shadow imp (D:7)
  14 orcs
  3 goblins (Bailey)
  5 kobolds
120 creatures vanquished.

Vanquished Creatures (others)
  A centaur (D:12)
1 creature vanquished.

Grand Total: 445 creatures vanquished

Notes
Turn   | Place    | Note
-------+----------+-------------------------------------------
     0 | D:1      | Bnni the Formicid Earth Elementalist began the quest for
                  | the Orb.
     0 | D:1      | Reached XP level 1. HP: 13/13 MP: 3/3
   229 | D:1      | Reached XP level 2. HP: 15/19 MP: 5/5
   232 | D:1      | Learned a level 2 spell: Passwall
   531 | D:2      | Reached skill level 4 in Earth Magic
   531 | D:2      | Reached XP level 3. HP: 24/25 MP: 6/6
   536 | D:2      | Reached skill level 1 in Conjurations
  1066 | D:3      | Reached XP level 4. HP: 16/31 MP: 4/7
  1187 | D:3      | Learned a level 3 spell: Stone Arrow
  1232 | D:3      | Reached skill level 1 in Fighting
  1234 | D:3      | Reached XP level 5. HP: 25/37 MP: 0/8
  1431 | D:3      | Found a faded altar of an unknown god.
  1541 | D:3      | Found an ornate altar of the Wu Jian Council.
  1698 | D:3      | Found a runed translucent door.
  1699 | D:3      | Noticed Crazy Yiuf
  1706 | D:3      | Killed Crazy Yiuf
  1707 | D:3      | Reached skill level 1 in Armour
  1824 | D:3      | Identified the +2 hammer of Enormous Integrity {venom,
                  | *Corrode rF++ rN+ Dex+2}
  2090 | D:4      | Found Wiwno's Weapon Emporium.
  2090 | D:4      | Noticed Eustachio
  2099 | D:4      | Reached XP level 6. HP: 34/43 MP: 4/10
  2183 | D:4      | Noticed a sky beast
  2192 | D:4      | HP: 1/43 [sky beast (5)]
  2193 | D:4      | Killed a sky beast
  2194 | D:4      | Reached skill level 5 in Earth Magic
  2361 | D:4      | Reached XP level 7. HP: 50/50 MP: 5/11
  2361 | D:4      | Found Xyneazoc's Elemental Accessories.
  2415 | D:4      | Found a glowing drain.
  2420 | Sewer    | Entered a sewer
  2488 | Sewer    | Learned a level 4 spell: Animate Armour
  2631 | Sewer    | Noticed a water moccasin
  2636 | Sewer    | Killed a water moccasin
  2637 | Sewer    | Reached skill level 1 in Summonings
  2815 | D:4      | Killed Eustachio
  2816 | D:4      | Reached skill level 6 in Earth Magic
  2993 | D:4      | Identified the +0 robe of Intense Surprise {Dex+5}
  3389 | D:5      | Entered Level 5 of the Dungeon
  3393 | D:5      | Reached XP level 8. HP: 57/57 MP: 11/13
  4191 | D:5      | Reached skill level 7 in Earth Magic
  4866 | D:6      | Reached XP level 9. HP: 65/65 MP: 6/15
  5069 | D:6      | Found a sparkling altar of Nemelex Xobeh.
  5069 | D:6      | Found an iron altar of Okawaru.
  5070 | D:6      | Found a glowing golden altar of the Shining One.
  5356 | D:6      | Noticed Maggie
  5369 | D:6      | Killed Maggie
  5370 | D:6      | Reached skill level 8 in Earth Magic
  5727 | D:6      | Reached skill level 5 in Spellcasting
  6308 | D:7      | Found a staircase to the Ecumenical Temple.
  6317 | Temple   | Entered the Ecumenical Temple
  6354 | Temple   | Became a worshipper of Cheibriados the Contemplative
  6444 | D:7      | Found Gaiv's Mayhem Merchandise.
  6461 | D:7      | Reached skill level 1 in Invocations
  6499 | D:7      | Found Dirymoach's Jewellery Shoppe.
  6543 | D:7      | Noticed a nameless horror
  6694 | D:7      | Killed a nameless horror
  6699 | D:7      | Reached * piety under Cheibriados
  6700 | D:7      | Reached skill level 9 in Earth Magic
  6773 | D:7      | Reached skill level 5 in Armour
  6773 | D:7      | Reached XP level 10. HP: 21/73 MP: 14/17
  7021 | D:7      | Reached skill level 5 in Fighting
  7645 | D:7      | Learned a level 4 spell: Petrify
  7739 | D:8      | Reached skill level 5 in Conjurations
  7887 | D:8      | Found a shimmering blue altar of Sif Muna.
  7909 | D:8      | Reached ** piety under Cheibriados
  7911 | D:8      | Found a runed translucent door.
  7913 | D:8      | Noticed vfn1303's ghost (journeyman FoFi)
  8021 | D:8      | Found a basalt altar of Yredelemnul.
  8079 | D:8      | Found a flagged portal.
  8081 | D:8      | Reached skill level 10 in Earth Magic
  8089 | Bailey   | Entered a bailey
  8097 | Bailey   | Noticed an orc warlord
  8130 | Bailey   | Noticed an orc knight
  8146 | Bailey   | Killed an orc knight
  8147 | Bailey   | Reached skill level 5 in Invocations
  8216 | Bailey   | Found a runed translucent gate.
  8216 | Bailey   | Found a runed translucent gate.
  8225 | Bailey   | Found a runed translucent gate.
  8238 | Bailey   | Reached *** piety under Cheibriados
  8472 | Bailey   | Killed an orc warlord
  8473 | Bailey   | Reached XP level 11. HP: 64/81 MP: 5/20
  8576 | Bailey   | Identified the ring of Xom's Displeasure {rF+ Dex+6}
  8581 | Bailey   | Reached XP level 12. HP: 88/88 MP: 21/21
  8625 | D:8      | Noticed Maurice
  8635 | D:8      | Killed Maurice
  8968 | D:8      | Identified the +8 trident of Expedience {heavy, rN+}
  9135 | D:8      | Noticed Gastronok
  9149 | D:8      | Killed Gastronok
  9150 | D:8      | Reached skill level 11 in Earth Magic
  9470 | D:9      | Noticed a two-headed ogre
  9480 | D:9      | Killed a two-headed ogre
  9619 | D:9      | Reached **** piety under Cheibriados
  9698 | D:8      | Killed vfn1303's ghost
 10003 | D:9      | Noticed Grum
 10005 | D:9      | Found a staircase to the Lair.
 10012 | D:9      | Killed Grum
 10210 | D:9      | Found a staircase to the Orcish Mines.
 10780 | D:10     | Entered Level 10 of the Dungeon
 10798 | D:10     | Noticed a tengu warrior
 10814 | D:10     | Killed a tengu warrior
 10995 | D:10     | Reached skill level 1 in Shields
 11574 | D:10     | Reached XP level 13. HP: 85/96 MP: 19/23
 11853 | D:10     | Reached skill level 12 in Earth Magic
 13120 | D:11     | Reached ***** piety under Cheibriados
 14525 | Lair:1   | Entered Level 1 of the Lair of Beasts
 16038 | Lair:2   | Reached skill level 13 in Earth Magic
 16081 | Lair:2   | Noticed a catoblepas
 16099 | Lair:2   | Killed a catoblepas
 16100 | Lair:2   | Reached skill level 10 in Invocations
 16336 | Lair:2   | Identified the +1 robe of Wrong Decisions {Fly Regen+}
 16599 | Lair:2   | Reached XP level 14. HP: 88/105 MP: 21/25
 16651 | Lair:2   | Found a staircase to the Shoals.
 16881 | Lair:2   | You fall into a shaft and drop 2 floors!
 16951 | Lair:4   | Found a dark tunnel.
 16958 | Volcano  | Entered a volcano
 17114 | Volcano  | Found a burning altar of Makhleb.
 17210 | Volcano  | Reached skill level 5 in Shields
 17252 | Volcano  | Noticed a stone giant
 17258 | Volcano  | Killed a stone giant
 17911 | Lair:4   | Reached ****** piety under Cheibriados
 18323 | Lair:4   | Learned a level 1 spell: Apportation
 18350 | Lair:4   | Noticed Josephine
 18360 | Lair:4   | Killed Josephine
 18371 | Lair:4   | Reached skill level 14 in Earth Magic
 19059 | Lair:3   | Found a hole to the Spider Nest.
 20111 | Lair:5   | Entered Level 5 of the Lair of Beasts
 20117 | Lair:5   | Noticed Snorg
 20126 | Lair:5   | HP: 2/104 [Snorg (14)]
 20126 | Lair:5   | Slain by Snorg

Illustrated notes

Levels and vault maps discovered:
D:1:      minmay_arrival_checkered_box, layout_basic
D:2:      layout_rooms, serial_aquarium, aquarium_bridge_square
          [aquarium_subvault_bridge, aquarium_subvault_wall,
          aquarium_subvault_window, aquarium_subvault_bridge],
          aquarium_window_fake, aquarium_window_corridor_2,
          aquarium_window_fake, aquarium_window_1, aquarium_view_2e,
          aquarium_view_4
D:3:      layout_rooms, mainiacjoe_overflow_24_doors,
          ebering_ecumenical_altar_rust, uniq_crazy_yiuf_cottage
D:4:      layout_rooms, portal_sewer_entry_e, serial_shops,
          nicolae_shop_crystal, nicolae_elemental_shop, minmay_quantized,
          uniq_eustachio
D:5:      layout_loops_corners, grunt_ministairs_5
D:6:      layout_loops_ring, gammafunk_temple_overflow_claw, minivault_25,
          uniq_maggie
D:7:      layout_loops_ring, minmay_temple_entry_drinking_statues,
          minmay_shop_mayhem, minmay_shop_enchanted_jewellery, st_stairs_1,
          grunt_ministairs_9
D:8:      layout_gridville, mainiacjoe_overflow_large_starburst, enter_bailey_7,
          ebering_ghost_funeral_grove, grunt_decor_arrowhead, uniq_gastronok,
          uniq_maurice
D:9:      layout_roguey, lair_entry_dummy, hiddenorc2_lemuel,
          minmay_gold_behind_fungi, nicolae_two_hexagons, uniq_grum
D:10:     layout_grid_maze, kennysheep_small_circle
D:11:     layout_stronghold
D:12:     layout_loops_cross, serial_rivers, chequers_serial_rivers_marsh,
          chequers_serial_rivers_large_b, chequers_serial_rivers_micro_c,
          chequers_serial_rivers_small_3, chequers_serial_rivers_micro_c
Temple:   eino_temple_scatter_basement
Lair:1:   layout_cave_pods, st_stairs_6
Lair:2:   layout_chaotic_city, elwin_shoals_entry_rooms, st_stairs_5
Lair:3:   layout_hall_layers, spider_nest_entry_funnel_web,
          nicolae_lair_lindhole, lemuel_fruit_fields,
          infiniplex_staircase_pool_2
Lair:4:   layout_long_grid, enter_volcano_4, grunt_megastairs_1, uniq_josephine
Lair:5:   evilmike_catoblepas_cave, layout_gridlike,
          nicolae_slime_entry_field_trip, portal_ice_cave_entry_imps,
          lemuel_fruit_fields, lemuel_fruit_fields, uniq_nessos, uniq_snorg

Skill      XL: |  1  2  3  4  5  6  7  8  9 10 11 12 13 14 |
---------------+-------------------------------------------+-----
Earth Magic    | 4 5 6 7 9 10 11 13 14 | 14.2
Conjurations   | 1 2 3 4 5 6 7 |  7.7
Transmutations | 2 3 |  3.0
Fighting       | 1 2 3 4 6 7 8 |  8.9
Armour         | 1 2 3 5 6 12 13 | 13.5
Spellcasting   | 3 4 5 6 7 8 |  8.7
Summonings     | 2 3 |  3.0
Invocations    | 2 6 8 10 11 | 11.6
Shields        | 1 4 7 |  7.1
Dodging        | |  1.7
Stealth        | |  2.4

Action                     |  1- 3 |  4- 6 |  7- 9 | 10-12 | 13-15 || total
---------------------------+-------+-------+-------+-------+-------++-------
  Melee: Unarmed           |       |     1 |       |       |       ||     1
         Trident           |       |       |    31 |    45 |   144 ||   220
         Sling             |       |       |    10 |       |       ||    10
         Punch             |       |       |     4 |     1 |       ||     5
         Dagger            |       |       |     2 |    41 |       ||    43
   Fire: Sling             |    66 |    69 |   203 |       |       ||   338
  Throw: Dart              |       |     1 |       |     2 |       ||     3
   Cast: Sandblast         |    11 |    29 |   128 |    91 |   200 ||   459
         Stone Arrow       |       |     1 |     8 |     7 |    15 ||    31
         Animate Armour    |       |       |     3 |    32 |    37 ||    72
         Passwall          |       |       |     3 |     1 |       ||     4
         Petrify           |       |       |       |     1 |       ||     1
 Invoke: Bend Time         |       |       |       |     2 |       ||     2
         Slouch            |       |       |       |     1 |     4 ||     5
         Temporal Distorti |       |       |       |       |     2 ||     2
Ability: Dig               |     1 |       |     2 |       |     2 ||     5
  Evoke: Wand              |       |       |     1 |     4 |     1 ||     6
    Use: Scroll            |     3 |       |     4 |     8 |    11 ||    26
         Potion            |       |     1 |     1 |     2 |     2 ||     6
   Stab: Invisible         |       |       |       |     1 |     1 ||     2
         Petrified         |       |       |       |     1 |       ||     1
         Sleeping          |       |       |       |     2 |     4 ||     6
         Distracted        |       |       |       |       |     1 ||     1
 Armour: Robe              |     8 |     8 |    32 |       |       ||    48
         Ring mail         |       |       |    34 |       |       ||    34
         Scale mail        |       |       |    17 |       |       ||    17
         Swamp dragon scal |       |       |    43 |    83 |   138 ||   264
         Gold dragon scale |       |       |       |       |    45 ||    45
         Plate armour      |       |       |       |       |    23 ||    23
  Dodge: Dodged            |    39 |    30 |   251 |   117 |   189 ||   626
  Block: Buckler           |       |       |       |     9 |   175 ||   184
         Tower shield      |       |       |       |       |   146 ||   146
